[ AOE2 MATCH · #495892522 ]
UnrankedKoreans vs Huns
Player's team · LOSS
Rival team · WIN
[ REPLAY ANALYSIS · EXTRACTED FROM THE RECORDED GAME ]
Feudal
10:40
Castle
21:57
Imperial
—
| APM avg | 71.4 |
| APM peak | 98 |
| eAPM avg | 31.8 |
| Villagers / military | 110 / 111 |
Focus
⚔️ 48.2% · 🌾 51.8%
Archer ×76 · Iron Pagoda ×12 · Militia ×9 · Skirmisher ×8 · Spearman ×6
Feudal
8:51
Castle
21:30
Imperial
—
| APM avg | 49.0 |
| APM peak | 82 |
| eAPM avg | 24.9 |
| Villagers / military | 100 / 60 |
Focus
⚔️ 47.4% · 🌾 52.6%
Skirmisher ×38 · Mangonel ×8 · Scout Cavalry ×5 · Monk ×4 · Knight ×2 · Spearman ×2
Match map
Initial resources + every placement click. Lines = walls · curves = elevation contours. ◆ gold · ⬟ stone · ● berries · ✦ relic · ◌ wall gap
Your base· Open — 7t gap
Andre_2i's base· Open — unwalled flank
Smoothed initial terrain · ◌ = detected wall gap · hover for details
Inputs per minute
— ANKR.ice cream - - Andre_2i
Build order — ANKR.ice cream
First 150 of 337 actions detected
| 0:01 | Create | Villager (Male) |
| 0:02 | Build | House |
| 0:07 | Create | Villager (Male) |
| 0:07 | Create | Villager (Male) |
| 0:11 | Create | Villager (Male) |
| 1:15 | Create | Villager (Male) |
| 1:36 | Build | Lumber Camp |
| 1:39 | Create | Villager (Male) |
| 2:10 | Build | House |
| 2:12 | Build | House |
| 2:26 | Create | Villager (Male) |
| 2:48 | Create | Villager (Male) |
| 3:14 | Create | Villager (Male) |
| 3:47 | Create | Villager (Male) |
| 3:47 | Create | Villager (Male) |
| 3:48 | Create | Villager (Male) |
| 4:28 | Create | Villager (Male) |
| 4:39 | Create | Villager (Male) |
| 4:46 | Build | Barracks |
| 4:52 | Create | Villager (Male) |
| 4:52 | Create | Villager (Male) |
| 5:41 | Create | Villager (Male) |
| 5:42 | Create | Villager (Male) |
| 5:44 | Build | House |
| 5:47 | Create | Militia |
| 5:47 | Create | Militia |
| 5:50 | Create | Militia |
| 6:24 | Create | Villager (Male) |
| 6:24 | Create | Villager (Male) |
| 6:28 | Build | Mining Camp |
| 6:53 | Build | House |
| 6:58 | Create | Villager (Male) |
| 7:01 | Create | Villager (Male) |
| 7:02 | Research | Loom |
| 8:07 | Build | Mill |
| 8:30 | Research | Feudal Age |
| 8:49 | Build | Farm |
| 8:59 | Create | Militia |
| 8:59 | Create | Militia |
| 9:25 | Create | Militia |
| 9:25 | Create | Militia |
| 9:40 | Build | Farm |
| 9:41 | Build | Farm |
| 9:42 | Build | Farm |
| 9:46 | Build | House |
| 9:57 | Build | House |
| 10:24 | Create | Villager (Male) |
| 10:40 | Age | Feudal Age |
| 10:42 | Create | Spearman |
| 10:45 | Build | Farm |
| 10:51 | Create | Villager (Male) |
| 10:53 | Build | Farm |
| 10:54 | Build | Farm |
| 11:09 | Create | Spearman |
| 11:09 | Create | Villager (Male) |
| 11:12 | Create | Militia |
| 11:25 | Build | Farm |
| 11:26 | Create | Militia |
| 11:40 | Build | Palisade Wall |
| 11:41 | Build | Palisade Wall |
| 11:41 | Build | Palisade Wall |
| 11:44 | Build | House |
| 11:47 | Create | Villager (Male) |
| 12:00 | Research | Man-at-Arms (upgrade) |
| 12:04 | Build | Farm |
| 12:06 | Create | Villager (Male) |
| 12:12 | Build | House |
| 12:18 | Create | Villager (Male) |
| 12:18 | Create | Villager (Male) |
| 12:25 | Build | House |
| 12:35 | Build | Farm |
| 12:43 | Research | Double-Bit Axe |
| 12:51 | Create | Spearman |
| 12:54 | Create | Villager (Male) |
| 12:54 | Create | Villager (Male) |
| 13:05 | Create | Villager (Male) |
| 13:06 | Create | Villager (Male) |
| 13:34 | Create | Villager (Male) |
| 13:34 | Create | Villager (Male) |
| 13:41 | Create | Villager (Male) |
| 13:43 | Build | Archery Range |
| 13:53 | Create | Villager (Male) |
| 14:02 | Build | Farm |
| 14:38 | Create | Skirmisher |
| 14:38 | Create | Skirmisher |
| 14:38 | Create | Villager (Male) |
| 14:51 | Build | Archery Range |
| 14:55 | Build | Archery Range |
| 14:58 | Create | Villager (Male) |
| 15:05 | Build | Palisade Wall |
| 15:07 | Build | Palisade Wall |
| 15:08 | Build | Palisade Wall |
| 15:17 | Create | Spearman |
| 15:17 | Create | Spearman |
| 15:20 | Build | House |
| 15:29 | Build | Palisade Wall |
| 15:33 | Build | Palisade Wall |
| 15:34 | Build | Palisade Wall |
| 15:40 | Create | Skirmisher |
| 15:40 | Create | Skirmisher |
| 15:57 | Create | Skirmisher |
| 15:57 | Create | Skirmisher |
| 16:10 | Create | Skirmisher |
| 16:11 | Create | Skirmisher |
| 16:11 | Create | Villager (Male) |
| 16:28 | Create | Villager (Male) |
| 16:30 | Build | Lumber Camp |
| 16:48 | Create | Spearman |
| 16:49 | Create | Villager (Male) |
| 16:50 | Build | Farm |
| 17:23 | Create | Archer |
| 17:23 | Create | Archer |
| 17:29 | Build | Blacksmith |
| 17:50 | Create | Archer |
| 17:51 | Create | Archer |
| 17:51 | Create | Villager (Male) |
| 18:18 | Create | Villager (Male) |
| 18:20 | Build | Farm |
| 18:22 | Build | Farm |
| 18:22 | Build | Farm |
| 18:23 | Build | Farm |
| 18:27 | Build | Market |
| 18:35 | Create | Archer |
| 18:41 | Build | Farm |
| 18:54 | Build | Farm |
| 18:55 | Build | Farm |
| 19:17 | Research | Castle Age |
| 19:17 | Research | Castle Age |
| 19:29 | Build | Watch Tower |
| 19:32 | Create | Archer |
| 19:40 | Build | House |
| 19:41 | Build | House |
| 19:42 | Build | House |
| 19:42 | Build | House |
| 19:47 | Research | Gold Mining |
| 19:47 | Research | Gold Mining |
| 19:54 | Create | Archer |
| 19:54 | Create | Archer |
| 20:14 | Create | Archer |
| 20:14 | Create | Archer |
| 20:28 | Research | Horse Collar |
| 20:42 | Create | Archer |
| 20:42 | Create | Archer |
| 20:42 | Create | Archer |
| 21:05 | Build | Archery Range |
| 21:10 | Create | Archer |
| 21:15 | Build | House |
| 21:18 | Build | House |
| 21:18 | Build | House |
| 21:19 | Build | Palisade Wall |
Build order — Andre_2i
First 150 of 287 actions detected
| 0:00 | Create | Villager (Male) |
| 0:12 | Create | Villager (Male) |
| 0:20 | Create | Villager (Male) |
| 0:25 | Create | Villager (Male) |
| 1:12 | Create | Villager (Male) |
| 1:42 | Create | Villager (Male) |
| 1:47 | Build | Lumber Camp |
| 2:14 | Create | Villager (Male) |
| 2:41 | Create | Villager (Male) |
| 3:00 | Create | Villager (Male) |
| 3:38 | Create | Villager (Male) |
| 4:00 | Create | Villager (Male) |
| 4:17 | Create | Villager (Male) |
| 4:24 | Create | Villager (Male) |
| 4:29 | Build | Mill |
| 4:58 | Create | Villager (Male) |
| 5:16 | Create | Villager (Male) |
| 5:46 | Research | Loom |
| 6:41 | Research | Feudal Age |
| 7:55 | Build | Palisade Wall |
| 7:56 | Build | Palisade Wall |
| 7:58 | Build | Palisade Wall |
| 7:59 | Build | Palisade Wall |
| 8:00 | Build | Palisade Wall |
| 8:01 | Build | Palisade Wall |
| 8:04 | Build | Palisade Wall |
| 8:06 | Build | Palisade Wall |
| 8:10 | Build | Barracks |
| 8:22 | Create | Villager (Male) |
| 8:51 | Age | Feudal Age |
| 8:56 | Create | Spearman |
| 8:57 | Build | Stable |
| 8:59 | Create | Spearman |
| 9:00 | Research | Double-Bit Axe |
| 9:01 | Create | Villager (Male) |
| 9:20 | Build | Palisade Wall |
| 9:28 | Build | Farm |
| 9:28 | Build | Farm |
| 9:31 | Create | Villager (Male) |
| 9:37 | Create | Scout Cavalry |
| 9:49 | Build | Farm |
| 9:51 | Create | Villager (Male) |
| 10:13 | Create | Scout Cavalry |
| 10:17 | Build | Farm |
| 10:21 | Build | Farm |
| 10:27 | Build | Farm |
| 10:30 | Create | Villager (Male) |
| 10:56 | Create | Villager (Male) |
| 10:56 | Create | Villager (Male) |
| 11:09 | Create | Villager (Male) |
| 11:11 | Build | Archery Range |
| 11:22 | Build | Farm |
| 11:31 | Build | Palisade Wall |
| 11:34 | Create | Villager (Male) |
| 11:37 | Build | Palisade Wall |
| 11:49 | Build | Farm |
| 11:52 | Create | Villager (Male) |
| 12:10 | Build | Palisade Wall |
| 12:18 | Build | Farm |
| 12:20 | Create | Skirmisher |
| 12:21 | Create | Skirmisher |
| 12:24 | Create | Archer |
| 12:25 | Create | Villager (Male) |
| 12:36 | Build | Farm |
| 12:55 | Create | Villager (Male) |
| 12:56 | Build | Farm |
| 13:02 | Build | Farm |
| 13:13 | Build | Palisade Wall |
| 13:15 | Build | Palisade Wall |
| 13:19 | Create | Scout Cavalry |
| 13:19 | Create | Scout Cavalry |
| 13:24 | Build | Palisade Wall |
| 13:40 | Build | Watch Tower |
| 13:41 | Build | Farm |
| 13:42 | Create | Villager (Male) |
| 13:45 | Create | Skirmisher |
| 13:57 | Build | Palisade Wall |
| 13:58 | Build | Palisade Wall |
| 13:59 | Build | Palisade Wall |
| 14:01 | Build | Palisade Wall |
| 14:02 | Build | Palisade Wall |
| 14:07 | Create | Scout Cavalry |
| 14:07 | Create | Villager (Male) |
| 14:31 | Create | Villager (Male) |
| 14:36 | Build | Farm |
| 14:52 | Build | Mining Camp |
| 14:58 | Build | Palisade Wall |
| 15:01 | Create | Villager (Male) |
| 15:02 | Build | Palisade Wall |
| 15:12 | Create | Villager (Male) |
| 15:20 | Build | Palisade Wall |
| 15:31 | Build | Palisade Wall |
| 15:40 | Create | Villager (Male) |
| 15:50 | Build | Farm |
| 16:03 | Create | Villager (Male) |
| 16:04 | Research | Horse Collar |
| 16:16 | Create | Villager (Male) |
| 16:29 | Build | Lumber Camp |
| 16:45 | Create | Villager (Male) ×5 |
| 16:53 | Build | Farm |
| 17:10 | Create | Villager (Male) |
| 18:01 | Build | Farm |
| 18:24 | Build | Farm |
| 18:33 | Build | Archery Range |
| 18:50 | Research | Castle Age |
| 18:55 | Create | Skirmisher |
| 19:07 | Build | Blacksmith |
| 19:08 | Build | Palisade Wall |
| 19:10 | Create | Skirmisher |
| 19:15 | Build | Lumber Camp |
| 19:25 | Create | Skirmisher |
| 19:29 | Build | Farm |
| 19:31 | Create | Skirmisher |
| 19:33 | Build | Farm |
| 19:37 | Create | Skirmisher |
| 20:04 | Create | Skirmisher |
| 20:04 | Create | Skirmisher |
| 20:07 | Build | Farm |
| 20:14 | Build | Farm |
| 20:16 | Create | Skirmisher |
| 20:17 | Create | Skirmisher |
| 20:24 | Research | Fletching |
| 20:24 | Research | Padded Archer Armor |
| 20:37 | Create | Villager (Male) |
| 20:38 | Create | Skirmisher |
| 20:50 | Create | Skirmisher |
| 20:58 | Build | Farm |
| 21:30 | Age | Castle Age |
| 21:31 | Research | Bodkin Arrow |
| 21:31 | Research | Bodkin Arrow |
| 21:32 | Research | Elite Skirmisher (upgrade) |
| 21:39 | Build | Mining Camp |
| 21:40 | Create | Villager (Male) |
| 21:56 | Create | Villager (Male) |
| 22:03 | Create | Knight |
| 22:06 | Build | Farm |
| 22:13 | Build | Monastery |
| 22:23 | Create | Skirmisher |
| 22:30 | Create | Knight |
| 22:38 | Create | Skirmisher |
| 22:43 | Create | Villager (Male) ×2 |
| 22:48 | Create | Skirmisher |
| 22:48 | Create | Skirmisher |
| 22:58 | Build | Town Center |
| 23:03 | Create | Monk |
| 23:11 | Create | Monk |
| 23:28 | Build | Farm |
| 23:31 | Create | Villager (Male) |
| 23:39 | Research | Bow Saw |
| 23:48 | Create | Skirmisher |
Match timeline
| 4:46 | ANKR.ice cream · first_building Barracks |
| 7:55 | Andre_2i · wall_segment Palisade Wall x1 |
| 7:56 | Andre_2i · wall_segment Palisade Wall x1 |
| 7:58 | Andre_2i · wall_segment Palisade Wall x1 |
| 7:59 | Andre_2i · wall_segment Palisade Wall x1 |
| 8:00 | Andre_2i · wall_segment Palisade Wall x1 |
| 8:01 | Andre_2i · wall_segment Palisade Wall x1 |
| 8:04 | Andre_2i · wall_segment Palisade Wall x1 |
| 8:06 | Andre_2i · wall_segment Palisade Wall x1 |
| 8:10 | Andre_2i · first_building Barracks |
| 8:51 | Andre_2i · age_up feudal |
| 8:57 | Andre_2i · first_building Stable |
| 9:20 | Andre_2i · wall_segment Palisade Wall x5 |
| 10:40 | ANKR.ice cream · age_up feudal |
| 11:11 | Andre_2i · first_building Archery Range |
| 11:31 | Andre_2i · wall_segment Palisade Wall x15 |
| 11:37 | Andre_2i · wall_segment Palisade Wall x5 |
| 11:40 | ANKR.ice cream · wall_segment Palisade Wall x1 |
| 11:41 | ANKR.ice cream · wall_segment Palisade Wall x1 |
| 11:41 | ANKR.ice cream · wall_segment Palisade Wall x1 |
| 12:10 | Andre_2i · wall_segment Palisade Wall x5 |
| 13:13 | Andre_2i · wall_segment Palisade Wall x1 |
| 13:15 | Andre_2i · wall_segment Palisade Wall x1 |
| 13:24 | Andre_2i · wall_segment Palisade Wall x1 |
| 13:43 | ANKR.ice cream · first_building Archery Range |
| 13:57 | Andre_2i · wall_segment Palisade Wall x1 |
| 13:58 | Andre_2i · wall_segment Palisade Wall x1 |
| 13:59 | Andre_2i · wall_segment Palisade Wall x1 |
| 14:01 | Andre_2i · wall_segment Palisade Wall x1 |
| 14:02 | Andre_2i · wall_segment Palisade Wall x1 |
| 14:58 | Andre_2i · wall_segment Palisade Wall x7 |
| 15:02 | Andre_2i · wall_segment Palisade Wall x1 |
| 15:05 | ANKR.ice cream · wall_segment Palisade Wall x1 |
| 15:07 | ANKR.ice cream · wall_segment Palisade Wall x1 |
| 15:08 | ANKR.ice cream · wall_segment Palisade Wall x2 |
| 15:20 | Andre_2i · wall_segment Palisade Wall x1 |
| 15:29 | ANKR.ice cream · wall_segment Palisade Wall x5 |
| 15:31 | Andre_2i · wall_segment Palisade Wall x1 |
| 15:33 | ANKR.ice cream · wall_segment Palisade Wall x1 |
| 15:34 | ANKR.ice cream · wall_segment Palisade Wall x1 |
| 19:08 | Andre_2i · wall_segment Palisade Wall x1 |
| 19:15 | ANKR.ice cream · first_market_buy 100 food |
| 19:16 | ANKR.ice cream · first_market_sell 100 wood |
| 21:19 | ANKR.ice cream · wall_segment Palisade Wall x1 |
| 21:30 | Andre_2i · age_up castle |
| 21:57 | ANKR.ice cream · age_up castle |
| 22:13 | Andre_2i · first_building Monastery |
| 22:24 | ANKR.ice cream · first_building Siege Workshop |
| 22:52 | ANKR.ice cream · wall_segment Palisade Wall x1 |
| 24:40 | Andre_2i · first_building Siege Workshop |
| 30:57 | Andre_2i · wall_segment Palisade Wall x1 |
| 32:24 | Andre_2i · wall_segment Stone Wall x1 |
| 33:00 | Andre_2i · first_building Castle |
| 34:28 | ANKR.ice cream · first_building Castle |
| 34:48 | ANKR.ice cream · resign |
[ AI ANALYSIS · 1 CREDIT ]
What really happened in this match?
Wolo.gg analyzes every decision: build order, eco, micro, common mistakes by bracket. Personalized analysis on WhatsApp or Discord in 30 seconds.
Civ guide
Koreans
Perfil
Jugador #10912750